 Dungeon Crawl Stone Soup version 0.17-a0-1718-g72dbe4d (webtiles) character file.

429 achirane the Thaumaturge (level 6, -1/30 HPs)
             Began as a Spriggan Warper on Aug 24, 2015.
             Was an Initiate of Ashenzari.
             Killed from afar by an orc wizard (12 damage)
             ... with a puff of frost
             ... on level 5 of the Dungeon.
             The game lasted 00:24:11 (5101 turns).

achirane the Thaumaturge (Spriggan Warper)          Turns: 5101, Time: 00:24:11

Health: -1/30      AC:  3    Str:  7    XL:     6   Next: 66%
Magic:  12/18      EV: 18    Int: 16    God:    Ashenzari [......]
Gold:   187        SH:  5    Dex: 16    Spells: 5 memorised, 11 levels left

rFire  . . .     SeeInvis +     s - +2 dagger (elec)
rCold  . . .     Clarity  .     b - +0 robe
rNeg   + . .     SustAt   .     v - +0 buckler
rPois  .         Gourm    .     (helmet restricted)
rElec  .         Spirit   .     h - +0 cloak
rCorr  .         Warding  .     (gloves unavailable)
rMut   .         Stasis   .     (boots unavailable)
MR     +....                    (no amulet)
Stlth  +.........               (no ring)
                                i - ring of positive energy

@: very quick, somewhat resistant to hostile enchantments, very unstealthy
A: unfitting armour, see invisible, herbivore 3, speed 3, slow metabolism 2
a: Renounce Religion


You were on level 5 of the Dungeon.
You worshipped Ashenzari.
Ashenzari was noncommittal.
You were not hungry.

You visited 2 branches of the dungeon, and saw 6 of its levels.

You collected 187 gold pieces.

Inventory:

Hand weapons
 a - a +0 short sword
 s - a +2 dagger of electrocution (weapon)
Missiles
 e - 3 tomahawks of dispersal (quivered)
 k - 65 sling bullets
 p - 18 steel sling bullets
 r - 2 silver sling bullets
 x - 19 bolts
 E - 4 steel tomahawks
Armour
 b - a +0 robe (worn)
 h - a +0 cloak (worn)
 v - a +0 buckler (worn)
Jewellery
 i - a ring of positive energy (left hand)
 G - an uncursed ring of ice
Magical devices
 w - a wand of confusion (23)
Scrolls
 d - 2 scrolls of blinking
 g - 2 scrolls of enchant weapon {unknown}
 u - a scroll of enchant armour {unknown}
 y - a scroll of noise {unknown}
 z - a scroll of remove curse
 A - a scroll of recharging {unknown}
 B - a scroll of identify
 D - a scroll of magic mapping {unknown}
Potions
 j - a potion of poison {unknown}
 l - a potion of curing
 m - 2 potions of lignification {unknown}
 n - 2 potions of agility {unknown}
 o - 2 potions of heal wounds {unknown}
 q - a potion of cancellation {unknown}
 t - 3 potions of flight {unknown}
 C - a potion of haste {unknown}
 F - a potion of cure mutation {unknown}
Books
 c - a book of Spatial Translocations

   Spells                             Type                      Level
   a - Apportation                    Translocation                1
   b - Blink                          Translocation                2
   c - Shroud of Golubria             Charms/Translocation         2
   d - Portal Projectile              Translocation                3
   e - Teleport Other                 Translocation                3
   f - Passage of Golubria            Translocation                4
Comestibles
 f - 3 bread rations


   Skills:
 - Level 1.5 Fighting
 - Level 2.1 Short Blades
 - Level 1.1 Throwing
 - Level 3.5 Dodging
 + Level 8.8 Spellcasting
 - Level 4.4 Translocations


You had 11 spell levels left.
You knew the following spells:

 Your Spells              Type           Power        Failure   Level  Hunger
a - Apportation           Tloc           ###.......   2%          1    None
b - Portal Projectile     Tloc           ###...       10%         3    #......
c - Blink                 Tloc           N/A          4%          2    None
d - Shroud of Golubria    Chrm/Tloc      ##........   14%         2    None
e - Teleport Other        Tloc           ###.....     10%         3    #......


Dungeon Overview and Level Annotations

Branches:
Dungeon (5/15)             Temple (1/1) D:5

Altars:
Ashenzari
Cheibriados
Elyvilon
Fedhas
Kikubaaqudgha
Makhleb
Nemelex Xobeh
Okawaru
Qazlal
Ru
Sif Muna
Vehumet
Xom
Zin
The Shining One

Annotations:
D:5 Sigmund


Innate Abilities, Weirdness & Mutations

You are tiny and cannot use many weapons and most armour.
You have supernaturally acute eyesight.
You are a herbivore.
You cover ground extremely quickly.
You need consume almost no food.


Message History

Drink which item? (? for menu, Esc to quit)
You feel better.
The orc wizard mumbles some strange words.
The orc wizard seems to speed up.
Casting: Portal Projectile
Confirm with . or Enter, or press ? or * to list all spells.
Aiming: Teleport Other
Press: ? - help, Shift-Dir - straight line, f - orc wizard
Aim: an orc wizard, wielding a dagger and wearing a robe (fast, chance to defeat MR: 60%)
The orc wizard resists with significant effort.
You block the orc wizard's attack.
Casting: Teleport Other
Confirm with . or Enter, or press ? or * to list all spells.
Aiming: Teleport Other
Press: ? - help, Shift-Dir - straight line, f/p - orc wizard
Aim: an orc wizard, wielding a dagger and wearing a robe (fast, chance to defeat MR: 60%)
The orc wizard resists with significant effort.
The orc wizard casts a spell at you. The puff of frost hits you!
You die...

#.##.# #.##.#
#o# #.##.#
.#.#
#.##.#####.#.#
#.##.......#.#
#..........#.#
#######....#.#
##.####.#
#...†@o.#
#########


You could see an orc wizard.

Vanquished Creatures
  2 scorpions (D:5)
  A hound (D:4)
  An orc wizard (D:3)
  Crazy Yiuf (D:3)
  Terence (D:3)
  A worker ant (D:4)
  7 adders
  A shadow imp (D:5)
  An ooze (D:1)
  2 adder skeletons
  4 worms
  7 giant geckos
  11 orcs
  6 bats
  6 giant cockroaches
  6 goblins
  9 hobgoblins
  10 jackals
  6 kobolds
  7 giant newts
  4 rats
94 creatures vanquished.

Vanquished Creatures (others)
  2 orc wizards (D:5)
  3 orcs (D:5)
5 creatures vanquished.

Grand Total: 99 creatures vanquished

Notes
Turn   | Place    | Note
--------------------------------------------------------------
     0 | D:1      | achirane the Spriggan Warper began the quest for the Orb.
     0 | D:1      | Reached XP level 1. HP: 10/10 MP: 5/5
   272 | D:1      | Reached XP level 2. HP: 11/14 MP: 5/7
  1303 | D:2      | Reached XP level 3. HP: 12/18 MP: 10/10
  1407 | D:2      | Learned a level 3 spell: Portal Projectile
  1410 | D:2      | Learned a level 2 spell: Blink
  1413 | D:2      | Learned a level 2 spell: Shroud of Golubria
  1417 | D:2      | Learned a level 3 spell: Teleport Other
  1645 | D:2      | Reached skill level 5 in Spellcasting
  1789 | D:2      | Found a blossoming altar of Fedhas.
  2169 | D:2      | Reached XP level 4. HP: 22/22 MP: 12/12
  2734 | D:3      | Reached skill level 6 in Spellcasting
  2940 | D:3      | Reached XP level 5. HP: 25/25 MP: 15/15
  3014 | D:3      | Noticed Terence
  3260 | D:3      | Noticed Crazy Yiuf
  3264 | D:3      | Killed Crazy Yiuf
  3445 | D:3      | Killed Terence
  3445 | D:3      | Reached skill level 7 in Spellcasting
  3462 | D:3      | Found a sacrificial altar of Ru.
  3998 | D:4      | Reached XP level 6. HP: 20/30 MP: 17/17
  4476 | D:5      | Entered Level 5 of the Dungeon
  4537 | D:5      | Found a staircase to the Ecumenical Temple.
  4546 | D:5      | Reached skill level 8 in Spellcasting
  4738 | Temple   | Entered the Ecumenical Temple
  4746 | Temple   | Became a worshipper of Ashenzari the Shackled
  4867 | D:5      | Found a stormy altar of Qazlal.
  4886 | D:5      | Noticed Sigmund
  5101 | D:5      | Killed from afar by an orc wizard

Vault maps used:
D:1:      roderic_crop_circles_arrival_large, serial_bayou_pond_d
D:2:      fedhas_altar_3
D:3:      first_bread, nicolae_ru_path_of_blood, uniq_terence,
          uniq_crazy_yiuf_cottage
D:5:      minmay_temple_entry_junction, nicolae_qazlal_eye_of_the_storm,
          uniq_sigmund
Temple:   nicolae_temple_no_exploring_needed

Action                   |  1- 3 |  4- 6 || total
-------------------------+-------+-------++-------
Melee: Short sword       |   152 |       ||   152
       Dagger            |    11 |   198 ||   209
Throw: Tomahawk          |       |     2 ||     2
 Cast: Portal Projectile |       |     1 ||     1
       Shroud of Golubri |       |     1 ||     1
       Teleport Other    |       |     2 ||     2
  Use: Scroll            |       |     3 ||     3
       Potion            |       |     1 ||     1
 Stab: Sleeping          |     4 |     3 ||     7
  Eat: Pizza             |       |     2 ||     2
